AoeStats
← Sakuneti Le-Preckson

Arabia

508531173Analyzed
2v2 RM · 9d ago on Sep 22, 2026· 19m 44s· 4 players
Game mode
Random Map
Map size
Medium (4 player)
Population
200
Speed
Normal
Resources
Standard
Victory
Conquest
Starting age
Dark Age
Ending age
Imperial Age
RankedLock teamsTeams togetherTeam positionsShared explorationLock speedFull tech treeHidden civsTurbo modeCheats
Victory
Defeat
🇲🇶 Berbers · Martinique
920
+15
🇫🇷 Maya · France
913
+15
🇪🇸 Britons · Spain
946
-17
🇨🇱 Mongols · Chile
835
-13
tibios
7:49 Loom
10:30 Feudal Age
omago
0:32 Loom
10:26 Feudal Age
14:06 Double-Bit Axe
14:31 Fletching
19:14 Horse Collar
xboxchaker1196
1:55 Loom
11:16 Feudal Age
11:56 Double-Bit Axe
13:46 Horse Collar
21:23 Castle Age
Sakuneti Le-Preckson
9:35 Feudal Age
11:19 Loom
13:44 Double-Bit Axe
13:54 Horse Collar
16:48 Wheelbarrow
17:26 Fletching
20:17 Castle Age
Connection lost

Rejoining the realm…

Still unreachable

The connection could not be restored.

Session expired

The server has moved on; the page needs a fresh start.